 Dungeon Crawl Stone Soup version 0.21-a0-95-g06f091e (webtiles) character file.

158 Grim the Twirler (level 5, 0/38 HPs)
             Began as a Mummy Gladiator on July 5, 2017.
             Slain by kroki's ghost (1 damage)
             ... on level 3 of the Dungeon.
             The game lasted 00:06:03 (3503 turns).

Grim the Twirler (Mummy Gladiator)                  Turns: 3503, Time: 00:06:04

Health: 0/38       AC:  4    Str: 17    XL:     5   Next: 16%
Magic:  5/5        EV: 12    Int:  7    God:
Gold:   146        SH:  0    Dex: 15    Spells: 4/4 levels left

rFire    x . .     SeeInvis .   a - +0 quarterstaff
rCold    + . .     Gourm    .   (shield currently unavailable)
rNeg     + + +     Faith    .   b - +0 leather armour
rPois    ∞         Spirit   .   c - +0 helmet
rElec    .         Reflect  .   (no cloak)
rCorr    .         Harm     .   (no gloves)
MR       .....                  (no boots)
Stlth    +.........             (no amulet)
HPRegen  0.12/turn              (no ring)
MPRegen  0.09/turn              (no ring)

@: about to teleport
A: no food or potions, fire vulnerability, cold resistance 1, negative energy
resistance 3, torment resistance, unbreathing
a: no special abilities


You were on level 3 of the Dungeon.
You were not hungry.

You visited 1 branch of the dungeon, and saw 3 of its levels.

You collected 146 gold pieces.

Inventory:

Hand Weapons
 a - a +0 quarterstaff (weapon)
Missiles
 d - 2 throwing nets (quivered)
 i - 8 javelins
Armour
 b - a +0 leather armour (worn)
 c - a +0 helmet (worn)
Jewellery
 g - an uncursed ring of flight {unknown}
 l - an uncursed ring of protection from fire {unknown}
Wands
 j - a wand of confusion (24/48)
Scrolls
 e - 3 scrolls of enchant armour {unknown}
 f - 4 scrolls of teleportation
 h - 4 scrolls of identify {unknown}
 k - a scroll of random uselessness {unknown}


   Skills:
 - Level 2.0 Fighting
 + Level 4.9 Staves
 - Level 1.5 Throwing
 - Level 2.4 Dodging


You had 4 spell levels left.
You didn't know any spells.

Dungeon Overview and Level Annotations

Branches:
Dungeon (3/15)

Altars:
Qazlal

Annotations:
D:3 kroki's ghost, amateur DsWn


Innate Abilities, Weirdness & Mutations

You do not eat or drink.
Your flesh is vulnerable to fire.
You are immune to poison.
Your flesh is cold resistant. (rC+)
You are immune to negative energy. (rN+++)
You are immune to unholy pain and torment.
You can survive without breathing.


Message History

Kroki's ghost is moderately damaged.
Kroki's ghost barely misses you.
You hit kroki's ghost but do no damage.
Kroki's ghost is moderately damaged.
Kroki's ghost hits you.
* * * LOW HITPOINT WARNING * * *
Your leather armour prevents you from hitting kroki's ghost.
Kroki's ghost is moderately damaged.
Kroki's ghost hits you.
* * * LOW HITPOINT WARNING * * *
Kroki's ghost hits you.
* * * LOW HITPOINT WARNING * * *
You see here a scale mail.
Kroki's ghost hits you.
* * * LOW HITPOINT WARNING * * *
You can't drink.
As you read the scroll labeled ONETTIWA YZUPO, it crumbles to dust.
You feel strangely unstable.
It was a scroll of teleportation.
Kroki's ghost hits you.
You die...

######.##.#.# .#
....#.#.#
.########.#.#
..........#.#
.########†..#
#########.###
..........########
.................#
###..........W.#@#
..#.##########.#W#
#.# #.#.# #.#
#.#.# #.# #.#[##
#.# #....# #.#
###### #.# #.#


You could see kroki's ghost.

Vanquished Creatures
  7 adders
  3 worms (D:2)
  2 dart slugs
  2 leopard geckos
  An orc (D:3)
  A ball python (D:3)
  6 bats
  4 giant cockroaches
  12 hobgoblins
  4 jackals (D:3)
  3 frilled lizards
  13 goblins
  9 kobolds
  10 rats
77 creatures vanquished.

Notes
Turn   | Place    | Note
-------+----------+-------------------------------------------
     0 | D:1      | Grim the Mummy Gladiator began the quest for the Orb.
     0 | D:1      | Reached XP level 1. HP: 16/16 MP: 1/1
   225 | D:1      | Reached XP level 2. HP: 22/22 MP: 2/2
   274 | D:1      | Reached skill level 3 in Staves
  1161 | D:2      | Reached XP level 3. HP: 25/27 MP: 3/3
  1347 | D:2      | Reached skill level 4 in Staves
  1355 | D:2      | Reached XP level 4. HP: 3/33 MP: 4/4
  3097 | D:3      | Found a stormy altar of Qazlal.
  3274 | D:3      | Reached XP level 5. HP: 32/38 MP: 5/5
  3480 | D:3      | Noticed kroki's ghost (amateur DsWn)
  3502 | D:3      | HP: 1/38 [kroki's ghost (4)]
  3503 | D:3      | Slain by kroki's ghost

Vault maps used:
D:1:      tarquinn_simple_flora_water_e, hangedman_decor_push
D:2:      minmay_diamond_boxcup, minivault_11, minmay_misc_feat_roman
D:3:      nicolae_qazlal_general_emergency, first_bread, minmay_vboxes

Skill      XL: |  1  2  3 |
---------------+----------+-----
Staves         | 3 4 |  4.9
Fighting       | |  2.0
Throwing       | |  1.5
Dodging        | |  2.4

Action                   |  1- 3 |  4- 6 || total
-------------------------+-------+-------++-------
Melee: Quarterstaff      |   106 |   120 ||   226
Throw: Throwing net      |     3 |       ||     3
  Use: Scroll            |       |     1 ||     1
 Stab: Sleeping          |     2 |     3 ||     5
Armor: Leather armour    |    30 |    41 ||    71
Dodge: Dodged            |    67 |    73 ||   140
